 Dungeon Crawl Stone Soup version 0.29.1-1-gd02db6906a (webtiles) character file.

Game seed: 356256450458731531

3841 LabCoat the Cleaver (level 10, -8/84 (86) HPs)
             Began as a Hill Orc Fighter on Oct 2, 2022.
             Was a Believer of Trog.
             Mangled by a hornet (11 damage)
             ... on level 8 of the Dungeon on Oct 3, 2022.
             The game lasted 00:25:33 (9422 turns).

LabCoat the Cleaver (Hill Orc Fighter)              Turns: 9422, Time: 00:25:35

HP:   -8/84 (86)    AC: 12    Str: 23 (24) XL:     10   Next: 18%
MP:   10/10         EV:  9    Int:  7 (8)  God:    Trog [**....]
Gold: 420           SH:  0    Dex:  7 (10) Spells: 9/9 levels left

rFire   . . .      SeeInvis .   a - +1 war axe
rCold   . . .      Faith    .   c - +0 buckler
rNeg    . . .      Spirit   .   r - +2 scale mail {Will+}
rPois   .          Reflect  .   u - +0 hat
rElec   .          Harm     .   t - +0 cloak
rCorr   .          Rampage  .   (no gloves)
Will    ++...                   k - +0 pair of boots
Stlth   ..........              (no amulet)
HPRegen 0.24/turn               h - ring of willpower
MPRegen 0.12/turn               (no ring)

@: confused, lethally poisoned (-8 -> -14), ambrosia-drunk, slowed, lightly
drained, invisible, very slow
A: no striking features
a: Renounce Religion, Berserk, Trog's Hand


You were on level 8 of the Dungeon.
You worshipped Trog.
Trog was pleased with you.
You visited 2 branches of the dungeon, and saw 9 of its levels.

You collected 420 gold pieces.

Inventory:

Hand Weapons
 a - a +1 war axe (weapon)
 j - a +7 morningstar
 s - a +0 flail
Missiles
 b - 11 boomerangs (quivered)
 d - 8 curare-tipped darts
 l - 8 poisoned darts
Armour
 c - a +0 buckler (worn)
 k - a +0 pair of boots (worn)
 r - a +2 scale mail of willpower (worn)
 t - a +0 cloak (worn)
 u - a +0 hat (worn)
Jewellery
 h - a ring of willpower (left hand)
Wands
 g - a wand of paralysis (10)
Scrolls
 e - 2 scrolls of teleportation
 i - a scroll of magic mapping {unknown}
 n - a scroll of acquirement {unknown}
 p - a scroll of enchant armour {unknown}
Potions
 m - a potion of haste {unknown}
 o - a potion of degeneration
 q - a potion of invisibility


   Skills:
 + Level 7.5 Fighting
 * Level 10.4 Axes
 + Level 4.7 Throwing
 + Level 6.7 Armour
 + Level 6.8 Shields
 + Level 5.1 Evocations


You had 9 spell levels left.
You didn't know any spells.
Your spell library contained the following spells:

 Spells                   Type           Power      Damage    Failure   Level
 Apportation              Tloc           0%         N/A       80%         1
 Necrotise                Necr           0%         1d4       80%         1
 Summon Small Mammal      Summ           0%         N/A       80%         1
 Call Canine Familiar     Summ           0%         N/A       99%         3
 Dazzling Flash           Conj/Hex       0%         N/A       99%         3
 Frozen Ramparts          Ice            0%         1d1       99%         3
 Summon Guardian Golem    Hex/Summ       0%         N/A       99%         3
 Olgreb's Toxic Radiance  Pois           0%         N/A       100%        4
 Summon Ice Beast         Ice/Summ       0%         N/A       100%        4
 Agony                    Necr           0%         N/A       100%        5
 Fireball                 Conj/Fire      0%         3d3       100%        5
 Silence                  Hex/Air        0%         N/A       100%        5
 Starburst                Conj/Fire      0%         6d3       100%        6
 Ozocubu's Refrigeration  Ice            0%         4d7       100%        7
 Ignition                 Fire           0%         3d3       100%        8


Dungeon Overview and Level Annotations

Branches:
Dungeon (8/15)             Temple (1/1) D:4
   Lair: D:8-11

Altars:
Ashenzari
Cheibriados
Dithmenos
Elyvilon
Fedhas
Gozag
Hepliaklqana
Kikubaaqudgha
Makhleb
Nemelex Xobeh
Okawaru
Qazlal
Ru
Sif Muna
Trog
Uskayaw
Vehumet
Wu Jian
Xom
The Shining One

Shops:
D:4 (

Annotations:
D:5 2 transporters, oloof's ghost, amateur MiBe


Message History

You are lethally poisoned!
You feel as though you will be slow longer.
Okay, then.
You are too confused!
You feel less invigorated.
You feel less confused.
* * * LOW HITPOINT WARNING * * *
You feel very sick.
The hornet stings you but does no damage.
You block the hornet's attack. The hornet barely misses you.
Unknown command.
You are confused.
You feel invigorated.
You feel very sick. The hornet barely misses you. The hornet stings you!
* * * LOW HITPOINT WARNING * * *
You are lethally poisoned!
You feel as though you will be slow longer.
You hit the hornet.
The hornet is moderately wounded.
* * * LOW HITPOINT WARNING * * *
You feel very sick.
The hornet stings you but does no damage. x2
It was a potion of degeneration.
There was something very wrong with that liquid.
You feel weakened.
You feel dopey.
You feel clumsy.
* * * LOW HITPOINT WARNING * * *
You feel very sick. The hornet closely misses you. The hornet stings you!
* * * LOW HITPOINT WARNING * * *
You feel as though you will be slow longer.
It was a potion of invisibility.
You fade into invisibility!
* * * LOW HITPOINT WARNING * * *
You feel very sick. The hornet stings you.
* * * LOW HITPOINT WARNING * * *
You feel as though you will be slow longer.
The hornet stings you!
You die...

##...........##..
#.....##.....##..
#.....##.....##..
#.....#..........
#.....#..........
#######....#..........
#.....#....##.....##..
#...y.'....##.....####
#....@#######.....##..
#...........#.........
#...........#.........
###+##..(...########..
....... #.. .......
#.. ....... #..
....... ### ..


You could see a hornet (unable to see you).

Vanquished Creatures
  Pikel (D:6)
  Prince Ribbit (D:8)
  2 wyverns
  A water moccasin (D:7)
  2 sky beasts
  2 black bears (D:5)
  An ice beast (D:5)
  2 orc warriors
  2 ogres
  2 centaurs (D:7)
  3 lemures (D:6)
  A phantom (D:5)
  2 bullfrogs
  2 gnoll sergeants
  A necrophage (D:4)
  3 scorpions
  4 wights (D:8)
  A howler monkey (D:8)
  7 orc priests
  3 hounds
  A jelly (D:4)
  A gnoll bouda (D:5)
  2 iguanas
  10 orc wizards
  A hound skeleton (D:4)
  9 gnolls
  8 adders
  2 river rats (D:6)
  2 white imps
  2 ufetubi
  5 dart slugs
  33 orcs
  8 ball pythons
  7 bats
  7 endoplasms
  3 giant cockroaches
  4 goblins
  3 hobgoblins
  5 jackals
  4 quokkas
  6 frilled lizards
  10 kobolds
  7 rats
183 creatures vanquished.

Notes
Turn   | Place    | Note
-------+----------+-------------------------------------------
     0 | D:1      | LabCoat the Hill Orc Fighter began the quest for the Orb.
     0 | D:1      | Reached XP level 1. HP: 19/19 MP: 1/1
   223 | D:1      | Reached skill level 3 in Axes
   223 | D:1      | Reached XP level 2. HP: 26/27 MP: 2/2
   400 | D:1      | You fall into a shaft and drop 1 floor!
   455 | D:2      | Reached XP level 3. HP: 33/33 MP: 3/3
   669 | D:1      | Found a faded altar of an unknown god.
   677 | D:1      | Reached skill level 1 in Throwing
   812 | D:1      | Reached skill level 1 in Evocations
  1056 | D:1      | Reached XP level 4. HP: 21/40 MP: 4/4
  1388 | D:2      | Reached skill level 4 in Axes
  1458 | D:2      | HP: 1/40 [kobold/+2 dagger of distortion (9)]
  2213 | D:2      | Reached XP level 5. HP: 46/46 MP: 5/5
  2227 | D:3      | Found a glowing golden altar of the Shining One.
  2626 | D:3      | Found a snail-covered altar of Cheibriados.
  2731 | D:3      | Found an iron altar of Okawaru.
  2731 | D:3      | Found a sacrificial altar of Ru.
  2736 | D:3      | Found a hide-covered altar of Uskayaw.
  2925 | D:3      | Found a broken altar of Ashenzari.
  3420 | D:4      | Reached XP level 6. HP: 47/53 MP: 6/6
  3590 | D:4      | Found Gojuosm's Weapon Emporium.
  3599 | D:4      | Reached skill level 5 in Axes
  4144 | D:4      | Found a staircase to the Ecumenical Temple.
  4153 | Temple   | Entered the Ecumenical Temple
  4185 | Temple   | Became a worshipper of Trog the Wrathful
  4411 | D:4      | Found a burning altar of Makhleb.
  4429 | D:4      | Reached XP level 7. HP: 52/60 MP: 7/7
  4506 | D:5      | Entered Level 5 of the Dungeon
  4548 | D:5      | Reached skill level 6 in Axes
  4600 | D:5      | Reached skill level 5 in Fighting
  4853 | D:5      | Reached XP level 8. HP: 64/68 MP: 8/8
  4870 | D:5      | Reached skill level 5 in Shields
  5018 | D:5      | Found a shimmering altar of Xom.
  5130 | D:5      | Found a transporter.
  5133 | D:5      | Noticed oloof's ghost (amateur MiBe)
  5166 | D:5      | Found a transporter.
  5318 | D:6      | Identified the +0 scale mail of Xoah {rElec rF+}
  5340 | D:6      | Reached skill level 7 in Axes
  5340 | D:6      | Reached skill level 5 in Armour
  5701 | D:6      | Reached * piety under Trog
  5831 | D:6      | Found an ornate altar of the Wu Jian Council.
  6398 | D:6      | Noticed Pikel
  6414 | D:6      | Killed Pikel
  6415 | D:6      | Reached skill level 8 in Axes
  6415 | D:6      | Reached XP level 9. HP: 36/77 MP: 9/9
  7043 | D:7      | Reached skill level 9 in Axes
  7279 | D:7      | HP: 2/78 [ufetubus (2)]
  8007 | D:7      | Reached ** piety under Trog
  8733 | D:8      | Reached skill level 10 in Axes
  8900 | D:8      | Noticed Prince Ribbit
  8906 | D:8      | Reached XP level 10. HP: 83/86 MP: 10/10
  8909 | D:8      | Reached skill level 5 in Evocations
  9044 | D:8      | Killed Prince Ribbit
  9180 | D:8      | Got the Vellum of Rime
  9215 | D:8      | Found a stormy altar of Qazlal.
  9405 | D:8      | Paralysed by a hornet for 2 turns
  9410 | D:8      | Paralysed by a hornet for 3 turns
  9421 | D:8      | HP: 2/84 [hornet (8)]
  9422 | D:8      | Mangled by a hornet

Illustrated notes

Levels and vault maps discovered:
D:1:      wander_arrival_lonely_grave, layout_loops_cross,
          chequers_ecumenical_altar_simple, grunt_decor_clamped
D:2:      layout_basic
D:3:      layout_loops_ring, grunt_temple_overflow_open,
          lemuel_coloured_pillars_altar,
          mainiacjoe_overflow_concentric_impassable, chequers_decorated_corner,
          nrook_campfire, dk_noncrumbling_2
D:4:      layout_loops_ring, makhleb_blood_cavern_becter, temple_statues,
          serial_shops, shop, grunt_decor_resistance, minivault_23
D:5:      layout_basic, xom_confusion_cloud, gammafunk_ghost_stat_death,
          hangedman_abyss_or_decor_stagger, minmay_misc_feat_five
D:6:      layout_cave_pods, nzn_wu_jian_council_hall, portal_sewer_entry_a,
          uniq_pikel
D:7:      layout_loops_ring
D:8:      layout_gridville, general_overflow_altar, dpeg_oklobed_lair,
          uniq_prince_ribbit1, uniq_maurice
Temple:   eino_temple_lava

Skill      XL: |  1  2  3  4  5  6  7  8  9 10 |
---------------+-------------------------------+-----
Axes           | 3 4 5 6 8 10 | 10.4
Throwing       | 1 2 3 4 |  4.7
Evocations     | 1 2 3 4 5 |  5.1
Fighting       | 4 5 6 7 |  7.5
Shields        | 4 5 6 |  6.8
Armour         | 4 5 6 |  6.7

Action                   |  1- 3 |  4- 6 |  7- 9 | 10-12 || total
-------------------------+-------+-------+-------+-------++-------
Melee: War axe           |    96 |   140 |   322 |    43 ||   601
Throw: Dart              |    20 |    62 |    13 |       ||    95
       Boomerang         |       |       |    14 |     2 ||    16
Invok: Trog's Hand       |       |       |     2 |       ||     2
       Berserk           |       |       |     1 |       ||     1
  Use: Scroll            |       |     3 |    13 |       ||    16
       Potion            |       |     2 |     8 |     4 ||    14
Armor: Scale mail        |     5 |    14 |   185 |    15 ||   219
       Chain mail        |    32 |    53 |       |       ||    85
       Skin              |       |       |    21 |       ||    21
Dodge: Dodged            |    42 |    45 |   146 |    21 ||   254
Block: Buckler           |    19 |    35 |    95 |    13 ||   162
